 Dungeon Crawl Stone Soup version 0.27.1 (webtiles) character file.

Game seed: 6300700244643979887

2 Descartes the Sneak (level 1, -4/10 HPs)
             Began as a Felid Delver on Aug 31, 2021.
             Slain by a water moccasin skeleton (6 damage)
             ... on level 6 of the Dungeon.
             The game lasted 00:02:27 (354 turns).

Descartes the Sneak (Felid Delver)                   Turns: 354, Time: 00:02:28

Health: -4/10      AC:  1    Str:  8    XL:     1   Next: 25%
Magic:  2/2        EV: 17    Int: 11    God:
Gold:   19         SH:  0    Dex: 17    Spells: 0/0 levels left
                                        Lives:  0   Deaths: 0

rFire    . . .     SeeInvis +     - Unarmed
rCold    . . .     Faith    .   (shield unavailable)
rNeg     . . .     Spirit   .   (armour unavailable)
rPois    .         Reflect  .   (helmet unavailable)
rElec    .         Harm     .   (cloak unavailable)
rCorr    .         Rampage  .   (gloves unavailable)
Will     .....                  (boots unavailable)
Stlth    ++++......             (no amulet)
HPRegen  0.03/turn              (no ring)
MPRegen  0.08/turn              (no ring)

@: quick
A: very small, claws 1, fangs 3, see invisible, speed 1, shaggy fur 1, stealthy
paws, no weapons or thrown items, no armour, multi-lived
a: no special abilities


You were on level 6 of the Dungeon.
You visited 1 branch of the dungeon, and saw 2 of its levels.

You collected 19 gold pieces.

Inventory:

Missiles
 g - 55 stones
Wands
 e - a wand of digging (3)
Scrolls
 a - a scroll of fog
 b - a scroll of magic mapping
 c - a scroll of fear
 f - 3 scrolls of noise {unknown}
Potions
 d - a potion of haste


   Skills:
 - Level 3.0 Fighting
 + Level 2.7 Dodging
 + Level 6.7 Stealth
 - Level 2.0 Unarmed Combat


You couldn't memorise any spells.
You didn't know any spells.
Your spell library was empty.

Dungeon Overview and Level Annotations

Branches:
Dungeon (6/15)
 Temple: D:4-7

Altars:


Innate Abilities, Weirdness & Mutations

You have sharp claws.
You have razor-sharp teeth.
You have supernaturally acute eyesight. (SInv)
You cover ground quickly. (Speed+)
You are covered in fur. (AC +1)
Your paws help you pounce on unaware monsters.
You are incapable of wielding weapons or throwing items.
You cannot wear armour.
You gain extra lives every three experience levels.


Message History

You closely miss the orc wizard.
The orc wizard is lightly wounded.
The orc wizard closely misses you.
The orc wizard gestures at you while chanting.
You resist with significant effort.
You bump into the rock wall.
You feel less confused.
A white imp comes into view.
Found a leather armour.
The white imp shouts, "Run away, thou froward unchin-snouted brigand!"
There is a stone staircase leading down here.
You climb downwards.
There is a stone staircase leading up here.
You start resting.
HP restored.
Found 9 gold pieces.
Found 10 gold pieces.
Found a robe.
You now have 9 gold pieces.
Found 17 stones.
You now have 19 gold pieces (gained 10).
Found 26 stones.
Found 12 stones.
Found 7 gold pieces.
Found 14 gold pieces, a dagger and a sapphire potion.
g - 26 stones
g - 43 stones (gained 17)
Found a scroll of fog.
g - 55 stones (gained 12)
A water moccasin skeleton comes into view.
You see here a scroll of fog.
The helpless water moccasin skeleton fails to defend itself.
You mangle the water moccasin skeleton!!
The water moccasin skeleton is severely damaged.
The water moccasin skeleton bites you!
Ouch! That really hurt!
* * * LOW HITPOINT WARNING * * *
The water moccasin skeleton bites you.
Ouch! That really hurt!
You die...

######.#.# #.#
..........# #.#
.#.####.## #.#
...# #.# #..
#).####.###
#.........#####.
#...###....$.$..
#.Z.# #.#.######
#.@.# #.#.#
#...###.#.####
#.............#
#.?.###.......#
#.#.# #!#.###.#
#.#.# #.#.#
#.#.# ....#
#.#.# ... #
#.#.. ....


You could see a water moccasin skeleton.

Vanquished Creatures
  An orc (D:5)
1 creature vanquished.

Notes
Turn   | Place    | Note
-------+----------+-------------------------------------------
     0 | D:5      | Descartes the Felid Delver began the quest for the Orb.
     0 | D:5      | Reached XP level 1. HP: 10/10 MP: 2/2
    15 | D:5      | Noticed an orc wizard
   354 | D:6      | Slain by a water moccasin skeleton

Illustrated notes

Levels and vault maps discovered:
D:5:      layout_rooms
D:6:      layout_loops_ring, minmay_temple_entry_enclosed_plants, serial_shops,
          nicolae_shop_trees, uniq_pikel

Action                   || total
-------------------------++-------
Melee: Unarmed           ||    14
 Stab: Sleeping          ||     1
Dodge: Dodged            ||     9
